 Dungeon Crawl Stone Soup version 0.31-a0-196-g86fe4a5e66 (webtiles) character file.

Game seed: 16887241654611542734

456 Monkooky the Cleaver (level 7, -3/60 HPs)
             Began as a Hill Orc Monk on June 25, 2023.
             Was a Priest of the Shining One.
             Slain by Duvessa
             ... wielding a +6 short sword of venom
              (8 damage)
             ... on level 4 of the Dungeon.
             The game lasted 00:04:06 (3319 turns).

Monkooky the Cleaver (Hill Orc Monk)                Turns: 3319, Time: 00:04:06

Health: -3/60      AC:  9    Str: 22    XL:     7   Next: 6%
Magic:  7/7        EV:  9    Int: 10    God:    the Shining One [***...]
Gold:   121        SH:  0    Dex: 13    Spells: 6/6 levels left

rFire   . . .        a - +0 hand axe
rCold   . . .        d - orb {light}
rNeg    + . .        s - +1 chain mail
rPois   .            (no helmet)
rElec   .            (no cloak)
rCorr   .            (no gloves)
SInv    .            (no boots)
Will    .....        (no amulet) Stlth
                     h - +6 ring of strength
HPRegen 0.30/turn    (no ring)
MPRegen 0.10/turn

%: no passive effects
@: confused, mighty, lethally poisoned (-3 -> -29), ambrosia-drunk, glowing
A: no striking features
a: Renounce Religion, Divine Shield, Cleansing Flame


You were on level 4 of the Dungeon.
You worshipped the Shining One.
The Shining One was most pleased with you.
You visited 2 branches of the dungeon, and saw 5 of its levels.

You collected 121 gold pieces.

Inventory:

Hand Weapons
 a - a +0 hand axe (weapon)
Missiles
 o - a boomerang
Armour
 b - a +0 robe
 d - an orb of light (worn)
 k - a +0 ring mail
 s - a +1 chain mail (worn)
Jewellery
 h - a +6 ring of strength (left hand)
Scrolls
 e - a scroll of immolation {unknown}
 f - 2 scrolls of enchant armour
 i - 2 scrolls of poison {unknown}
 l - a scroll of identify {unknown}
 u - a scroll of fog {unknown}
Potions
 g - a potion of cancellation {unknown}
 j - a potion of heal wounds {unknown}
 m - a potion of curing {unknown}
 n - a potion of might
 p - a potion of degeneration {unknown}
 q - a potion of mutation {unknown}
 r - a potion of lignification {unknown}
 t - a potion of enlightenment {unknown}


   Skills:
 - Level 4.5 Fighting
 + Level 9.3 Axes
 - Level 3.0 Dodging


You had 6 spell levels left.
You didn't know any spells.
Your spell library contained the following spells:

 Spells                   Type           Power      Damage    Failure   Level
 Necrotise                Necr           0%         1d4       96%         1
 Conjure Ball Lightning   Conj/Air       0%         3x3d6     100%        6
 Discord                  Hex            0%         N/A       100%        8
 Disjunction              Tloc           0%         N/A       100%        8


Dungeon Overview and Level Annotations

Branches:
Dungeon (4/15)             Temple (1/1) D:4

Altars:
Cheibriados
Dithmenos
Elyvilon
Fedhas
Gozag
Hepliaklqana
Makhleb
Qazlal
Sif Muna
Uskayaw
Vehumet
Wu Jian
Xom
Yredelemnul
The Shining One

Annotations:
D:4 Duvessa


Message History

Robin is moderately wounded.
You hit the goblin.
You kill the goblin!
You hit Duvessa.
You feel very sick.
Duvessa hits you with a +6 short sword of venom!
You are more poisoned.
Robin closely misses you.
You slash Robin!
Robin is almost dead.
You hit Duvessa.
You feel very sick.
Unknown command.
You barely miss Robin.
Robin is almost dead.
You hit Duvessa but do no damage.
You feel very sick. Robin barely misses you.
Duvessa hits you with a +6 short sword of venom.
* * * LOW HITPOINT WARNING * * *
You are more poisoned.
You slash Robin!
You kill Robin!
You hit Duvessa.
* * * LOW HITPOINT WARNING * * *
You feel very sick. Duvessa hits you but does no damage.
You are more poisoned.
You hit Duvessa.
Duvessa is heavily wounded.
* * * LOW HITPOINT WARNING * * *
You feel very sick.
Duvessa hits you with a +6 short sword of venom!
* * * LOW HITPOINT WARNING * * *
You are more poisoned.
You are confused.
You feel invigorated. The Shining One protects you from harm!
Duvessa hits you with a +6 short sword of venom!
You die...

#..####.# .#
####......#########.##.
.......h...............
##..####..#######......
...# ##.....$....# # .##
##...#...#.# .# #
#######.####.##.#.#
.........P#.)e#P..##
########....>@)....#
##P#...#....#
####.##..#.[. #
######.......... ..
#.......[......
...######<###...........
.......†).# #.#.........
.###.>[)#####)#........
......)))).()..........


You could see Duvessa.

Vanquished Creatures
  Blork the orc (D:4)
  A hound (Temple)
  An orc priest (D:4)
  An iguana (D:4)
  2 orc wizards (D:4)
  Robin (D:4)
  4 gnolls
  10 adders
  3 worms
  2 dart slugs
  9 orcs
  7 endoplasms
  2 giant cockroaches
  10 hobgoblins
  2 jackals (D:1)
  2 quokkas
  6 ball pythons
  5 bats
  3 frilled lizards
  15 goblins
  9 kobolds
  3 rats (D:1)
99 creatures vanquished.

Notes
Turn   | Place    | Note
-------+----------+-------------------------------------------
     0 | D:1      | Monkooky the Hill Orc Monk began the quest for the Orb.
     0 | D:1      | Reached XP level 1. HP: 19/19 MP: 1/1
    96 | D:1      | Reached XP level 2. HP: 20/27 MP: 2/2
   473 | D:1      | Reached XP level 3. HP: 32/33 MP: 3/3
   477 | D:1      | Found a faded altar of an unknown god.
   481 | D:1      | Got Plato's Papyrus of Profane Deeds
   482 | D:1      | Prayed at the altar of an unknown god.
   482 | D:1      | Became a worshipper of the Shining One
   482 | D:1      | Reached * piety under the Shining One
   482 | D:1      | Reached ** piety under the Shining One
  1028 | D:2      | Reached *** piety under the Shining One
  1082 | D:2      | Reached XP level 4. HP: 41/41 MP: 4/4
  1086 | D:2      | Reached skill level 5 in Axes
  1794 | D:3      | Reached skill level 6 in Axes
  1794 | D:3      | Reached XP level 5. HP: 47/47 MP: 5/5
  2584 | D:4      | Reached skill level 7 in Axes
  2591 | D:4      | Reached XP level 6. HP: 39/53 MP: 6/6
  2593 | D:4      | Noticed Blork the orc
  2602 | D:4      | Killed Blork the orc
  2603 | D:4      | Reached skill level 8 in Axes
  2742 | D:4      | Noticed Robin
  2961 | D:4      | Found a staircase to the Ecumenical Temple.
  3001 | D:4      | Noticed Duvessa
  3022 | D:4      | Reached skill level 9 in Axes
  3028 | Temple   | Entered the Ecumenical Temple
  3056 | Temple   | HP: 2/53 [poisoned by Duvessa]
  3057 | Temple   | The Shining One protects you from harm!
  3059 | Temple   | The Shining One protects you from harm!
  3078 | Temple   | Reached XP level 7. HP: 16/60 MP: 7/7
  3317 | D:4      | Killed Robin
  3318 | D:4      | HP: 1/60 [Duvessa/+6 short sword of venom (7)]
  3319 | D:4      | The Shining One protects you from harm!
  3319 | D:4      | Slain by Duvessa

Illustrated notes

Levels and vault maps discovered:
D:1:      dpeg_arrival_ternary, layout_basic,
          shapermc_ecumenical_altar_rom_forum
D:2:      layout_rooms, kennysheep_cluttered_room
D:3:      layout_loops_ring, chequers_serial_rivers_large_a
D:4:      layout_rooms, minmay_temple_entry_gardened_gates, uniq_robin,
          uniq_menkaure, uniq_grinder, uniq_duvessa, uniq_eustachio,
          uniq_blork_the_orc
Temple:   nicolae_temple_great_sept

Skill      XL: |  1  2  3  4  5  6 |
---------------+-------------------+-----
Fighting       | 4 |  4.5
Dodging        | 3 |  3.0
Axes           | 6 7 9 |  9.3

Action                     |  1- 3 |  4- 6 |  7- 9 || total
---------------------------+-------+-------+-------++-------
  Melee: Hand axe          |    85 |   179 |     7 ||   271
         Unarmed           |       |     5 |       ||     5
    Use: Potion            |       |     2 |     2 ||     4
         Scroll            |       |     1 |       ||     1
 Armour: Robe              |     5 |       |       ||     5
         Ring mail         |    12 |    25 |       ||    37
         Chain mail        |       |    43 |     4 ||    47
  Dodge: Dodged            |    48 |    99 |     4 ||   151

Table legend: (Time is in decaauts)
 A = Elapsed time spent in this place.
 B = Non-inter-level travel time spent in this place.
 C = Inter-level travel time spent in this place.
 D = Time resting spent in this place.
 E = Time spent auto-exploring this place.
 F = Levels seen in this place.
 G = Mean time per level.
                   A        B        C        D        E       F      G
               +--------+--------+--------+--------+--------+-----+--------+
         Total |   3326 |   3205 |    121 |    112 |   2456 |   5 |  665.2 |
       Dungeon |   3051 |   2930 |    121 |     92 |   2253 |   4 |  762.8 |
        Temple |    275 |    275 |      0 |     20 |    203 |   1 |  275.0 |
               +--------+--------+--------+--------+--------+-----+--------+

Top non-repeatable levels by time:
     D:3: 1071 daAuts
     D:1: 1032 daAuts
     D:2: 585 daAuts
     D:4: 362 daAuts
  Temple: 275 daAuts
